 Dungeon Crawl Stone Soup version 0.29.1-15-g9cfb28693d (webtiles) character file.

Game seed: 8075132164313973284

3138 Peloso the Carver (level 9, -1/79 HPs)
             Began as a Minotaur Fighter on Apr 22, 2023.
             Killed from afar by a raiju (20 damage)
             ... with a living lightning
             ... on level 3 of the Abyss.
             The game lasted 00:13:30 (7226 turns).

Peloso the Carver (Minotaur Fighter)                Turns: 7226, Time: 00:13:30

Health: -1/79      AC: 13    Str: 25    XL:     9   Next: 61%
Magic:  8/8        EV: 16    Int:  5    God:
Gold:   557        SH:  5    Dex: 13    Spells: 8/8 levels left

rFire   . . .      SeeInvis +   a - +0 long sword
rCold   + + +      Faith    .   c - +0 buckler
rNeg    + . .      Spirit   .   r - +5 ring mail of the Tormentor {rC+++ Will- Str+3 SInv}
rPois   .          Reflect  .   w - +0 hat
rElec   .          Harm     .   (no cloak)
rCorr   .          Rampage  .   z - +0 pair of gloves
Will    .....                   (no boots)
Stlth   +.........              (no amulet)
HPRegen 0.23/turn               s - +4 ring of evasion
MPRegen 0.11/turn               u - ring of positive energy

@: no status effects
A: horns 2, retaliatory headbutt
a: no special abilities


You were on level 3 of the Abyss.
You visited 2 branches of the dungeon, and saw 9 of its levels.
You visited the Abyss 1 time.

You collected 557 gold pieces.

Inventory:

Hand Weapons
 a - a +0 long sword (weapon)
 b - a +1 dagger of flaming
Armour
 c - a +0 buckler (worn)
 r - the +5 ring mail of the Tormentor (worn) {rC+++ Will- Str+3 SInv}
   (You found it on level 2 of the Dungeon)

   Str:       It affects your strength (+3).
   rC:        It renders you almost immune to cold.
   SInv:      It lets you see invisible.
   Will:      It decreases your willpower.
 w - a +0 hat (worn)
 z - a +0 pair of gloves (worn)
Jewellery
 m - a +6 ring of intelligence
 s - a +4 ring of evasion (left hand)
 u - a ring of positive energy (right hand)
 y - a ring of wizardry
 D - an amulet of faith
 E - a ring of see invisible
Wands
 h - a wand of iceblast (6)
 B - a wand of paralysis (4)
 J - a wand of polymorph (11)
Scrolls
 e - a scroll of butterflies
 i - a scroll of blinking
 j - a scroll of poison {unknown}
 k - 3 scrolls of magic mapping {unknown}
 l - 2 scrolls of vulnerability {unknown}
 n - 3 scrolls of enchant armour {unknown}
 o - 4 scrolls of noise {unknown}
 p - 2 scrolls of amnesia {unknown}
 q - 4 scrolls of teleportation {unknown}
 G - a scroll of immolation {unknown}
 H - a scroll of enchant weapon {unknown}
Potions
 d - a potion of might
 f - 3 potions of haste
 g - 5 potions of heal wounds
 t - 5 potions of curing
 v - 4 potions of brilliance
 x - 3 potions of magic
 A - 2 potions of ambrosia
 F - a potion of berserk rage
 I - a potion of cancellation


   Skills:
 + Level 7.0 Fighting
 + Level 11.0 Long Blades
 + Level 7.7 Armour
 + Level 5.0 Dodging
 + Level 2.0 Stealth
 + Level 5.9 Shields
 + Level 0.1 Evocations


You had 8 spell levels left.
You didn't know any spells.
Your spell library contained the following spells:

 Spells                   Type           Power      Damage    Failure   Level
 Magic Dart               Conj           0%         1d3       69%         1
 Necrotise                Necr           0%         1d4       69%         1
 Slow                     Hex            0%         N/A       69%         1
 Call Imp                 Summ           0%         N/A       83%         2
 Mephitic Cloud           Conj/Pois/Air  0%         N/A       96%         3
 Ozocubu's Armour         Ice            0%         N/A       96%         3
 Vampiric Draining        Necr           0%         2d6       96%         3
 Agony                    Necr           0%         N/A       100%        5
 Ozocubu's Refrigeration  Ice            0%         4d7       100%        7


Dungeon Overview and Level Annotations

Branches:
Dungeon (8/15)             Temple (1/1) D:7
   Lair: D:8-11

Altars:
Ashenzari
Dithmenos
Fedhas
Gozag
Hepliaklqana
Kikubaaqudgha
Makhleb
Qazlal
Ru
Sif Muna
Trog
Wu Jian
Xom
Yredelemnul
Zin

Shops:
D:4 *

Annotations:
D:8 Psyche


Innate Abilities, Weirdness & Mutations

You have a pair of horns on your head.
You reflexively headbutt those who attack you in melee.


Message History

Something completely misses you.
You hit something. Something hits you but does no damage.
You are cast into the Abyss!
This branch contains the abyssal rune of Zot.
Reactivating autopickup.
You cannot move.
You cannot move.
You start resting.
Your transformation is almost over.
You feel less wooden.
Your +0 hat unmelds from your body.
Your +0 pair of gloves unmelds from your body.
The +5 ring mail of the Tormentor {rC+++ Will- Str+3 SInv} unmelds from your body.
You start resting.
An apocalypse crab comes into view.
The apocalypse crab breathes chaos at you.
The blast of chaos engulfs you!
You are engulfed in seething chaos.
You feel yourself slow down.
The apocalypse crab breathes chaos at you.
The blast of chaos engulfs you!
You are cast deeper into the Abyss!
You plunge deeper into the Abyss.
The abyssal rune of Zot can be found at this depth.
You can't go up here!
You feel yourself speed up.
A Hell Sentinel comes into view.
A Hell Sentinel is nearby!
A Hell Sentinel is nearby!
A Hell Sentinel is nearby!
The Hell Sentinel roars!
You hear a horrible gurgling sound! x2
You hear a bark!
The Hell Sentinel gestures at you.
The sphere of damnation explodes!
The damnation engulfs you!!
* * * LOW HITPOINT WARNING * * *
You hear a horrible gurgling sound!
You hear a bark! 3 raiju come into view.
The raiju barks!
The raiju bursts into living lightning!
The living lightning hits you!!
You die...

..# ..#
#.# #.#
#.# #.#
#.# #.#
#@#
.........#
.#h#.###.#
h. . ..
..h #.1 ..
.. ... .
.... ....#


You could see a Hell Sentinel and 3 raiju.

Vanquished Creatures
  Sigmund (D:4)
  A wyvern (D:6)
  A steam dragon (D:8)
  Menkaure (D:6)
  4 water moccasins
  A sky beast (D:6)
  An ice beast (D:6)
  2 orc warriors
  A black bear (D:6)
  3 ogres
  A centaur (D:6)
  2 phantoms
  2 bullfrogs (D:7)
  A necrophage (D:4)
  A scorpion (D:6)
  6 wights (D:8)
  5 hounds
  3 jellies
  An orc priest (D:7)
  Ijyb (D:4)
  Terence (D:3)
  Jessica (D:3)
  3 iguanas
  3 orc wizards
  5 adders
  2 worms (D:2)
  3 dart slugs
  20 orcs
  6 ball pythons
  6 endoplasms
  2 giant cockroaches (D:2)
  5 goblins
  7 hobgoblins
  3 jackals (D:5)
  7 kobolds
  4 quokkas
  2 bats
  A frilled lizard (D:2)
  3 rats
123 creatures vanquished.

Notes
Turn   | Place    | Note
-------+----------+-------------------------------------------
     0 | D:1      | Peloso the Minotaur Fighter began the quest for the Orb.
     0 | D:1      | Reached XP level 1. HP: 19/19 MP: 0/0
   373 | D:1      | Reached XP level 2. HP: 26/27 MP: 1/1
   619 | D:1      | Reached skill level 3 in Long Blades
  1063 | D:2      | Reached XP level 3. HP: 30/33 MP: 2/2
  1196 | D:2      | Identified the +5 ring mail of the Tormentor {rC+++ Will-
                  | Str+3 SInv}
  1218 | D:2      | Found a basalt altar of Yredelemnul.
  1562 | D:3      | Noticed Terence
  1573 | D:3      | Killed Terence
  1574 | D:3      | Reached XP level 4. HP: 40/40 MP: 3/3
  1722 | D:3      | Noticed Jessica
  1731 | D:3      | Killed Jessica
  1732 | D:3      | Reached skill level 5 in Armour
  1764 | D:3      | Got Jessica's Parchment of Beguiling
  1971 | D:3      | Found an ancient bone altar of Kikubaaqudgha.
  2071 | D:3      | Reached skill level 4 in Long Blades
  2213 | D:4      | Found an opulent altar of Gozag.
  2215 | D:4      | Found Gozag's Platinum Reserve.
  2296 | D:4      | Reached XP level 5. HP: 42/46 MP: 4/4
  2621 | D:4      | Noticed Sigmund
  2638 | D:4      | Killed Sigmund
  2639 | D:4      | Reached skill level 5 in Long Blades
  2639 | D:4      | Reached skill level 1 in Dodging
  2639 | D:4      | Reached XP level 6. HP: 24/53 MP: 5/5
  2966 | D:4      | Reached skill level 6 in Long Blades
  3183 | D:4      | Found a broken altar of Ashenzari.
  3204 | D:4      | Noticed Ijyb
  3209 | D:4      | Paralysed by Ijyb for 5 turns
  3215 | D:4      | Killed Ijyb
  3409 | D:5      | Entered Level 5 of the Dungeon
  3418 | D:5      | Noticed a water moccasin
  3424 | D:5      | Killed a water moccasin
  3425 | D:5      | Reached XP level 7. HP: 51/60 MP: 6/6
  3449 | D:5      | Reached skill level 5 in Fighting
  3591 | D:5      | Reached skill level 7 in Long Blades
  4006 | D:5      | Found a hazy altar of Hepliaklqana.
  4192 | D:5      | Found a shimmering blue altar of Sif Muna.
  4474 | D:6      | Reached skill level 8 in Long Blades
  4474 | D:6      | Reached skill level 1 in Stealth
  4474 | D:6      | Reached XP level 8. HP: 65/70 MP: 7/7
  4626 | D:6      | Noticed Menkaure
  4640 | D:6      | Killed Menkaure
  4641 | D:6      | Reached skill level 5 in Shields
  4952 | D:6      | Reached skill level 9 in Long Blades
  5446 | D:7      | Reached XP level 9. HP: 45/78 MP: 8/8
  5488 | D:6      | Reached skill level 10 in Long Blades
  5825 | D:7      | Found a staircase to the Ecumenical Temple.
  5834 | Temple   | Entered the Ecumenical Temple
  6869 | D:8      | Reached skill level 5 in Dodging
  6934 | D:8      | Reached skill level 11 in Long Blades
  7012 | D:8      | Noticed a two-headed ogre
  7016 | D:8      | Noticed Psyche
  7096 | Abyss:2  | Cast into level 2 of the Abyss (Psyche)
  7188 | Abyss:2  | Noticed an apocalypse crab
  7224 | Abyss:3  | Noticed a Hell Sentinel
  7226 | Abyss:3  | Killed from afar by a raiju

Illustrated notes

Levels and vault maps discovered:
D:1:      scummos_arrival_forest, layout_basic
D:2:      layout_rooms, basic_altar, amcnicky_mini_pool_small, minmay_3d_cube
D:3:      layout_basic, marbit_many_paths, kennysheep_jessica_study,
          uniq_terence
D:4:      nicolae_cairo_tiling, layout_basic, nicolae_gozag_zags_fifth_avenue,
          mainiacjoe_overflow_chevrons, uniq_ijyb, uniq_sigmund
D:5:      layout_rooms, lemuel_crystal_altar, worldfamousw_hep_ancestral_shrine,
          minmay_misc_feat_cross
D:6:      minmay_polygon_palace, layout_basic, minitemple,
          corexii_leaking_fountain, uniq_menkaure
D:7:      layout_rooms, minmay_temple_entry_tees
D:8:      layout_basic, serial_shops, nicolae_shop_stone, lemuel_flame_loot_1,
          uniq_grum, uniq_erica, uniq_psyche
Temple:   nicolae_temple_bog_church
Abyss:3:  base:
D:3

Skill      XL: |  1  2  3  4  5  6  7  8  9 |
---------------+----------------------------+-----
Long Blades    | 3 4 5 6 8 9 11 | 11.0
Armour         | 4 5 6 7 |  7.7
Fighting       | 4 5 6 7 |  7.0
Shields        | 4 5 |  5.9
Dodging        | 1 2 4 5 |  5.0
Stealth        | 1 2 |  2.0
Evocations     | |  0.1

Action                   |  1- 3 |  4- 6 |  7- 9 || total
-------------------------+-------+-------+-------++-------
Melee: Long sword        |    75 |    80 |   245 ||   400
       Headbutt          |    15 |    12 |    50 ||    77
Evoke: Wand              |       |       |     4 ||     4
  Use: Scroll            |     3 |     7 |     4 ||    14
       Potion            |       |       |     1 ||     1
 Stab: Paralysed         |       |       |     2 ||     2
Armor: Scale mail        |    31 |       |       ||    31
       Ring mail         |    12 |    27 |    82 ||   121
       Skin              |       |       |     8 ||     8
Dodge: Dodged            |    42 |    52 |   226 ||   320
Block: Buckler           |    17 |    11 |    63 ||    91
